AoeStats
← Actiweed1

Arena

510286626Analyzed
4v4 RM · 22h ago on Sep 30, 2026· 48m 52s· 8 players
Game mode
Random Map
Map size
Large (8 player)
Population
200
Speed
Normal
Resources
Standard
Victory
Conquest
Starting age
Dark Age
Ending age
Imperial Age
RankedLock teamsTeams togetherTeam positionsShared explorationLock speedFull tech treeHidden civsTurbo modeCheats
Victory
Defeat
🇩🇪 Burmese · Germany
982
+14
🇩🇪 Saxons · Germany
973
+15
🇨🇭 Chinese · Switzerland
950
+16
🇹🇷 Bengalis · Türkiye
949
+16
🇫🇷 Khmer · France
1001
-18
🇮🇳 Ethiopians · India
959
-16
🇨🇳 Franks · China
916
-14
🇫🇷 Vietnamese · France
902
-13
LazZiya
11:14 Feudal Age
15:50 Castle Age
13:50 Double-Bit Axe
13:49 Horse Collar
14:33 Stone Mining
19:59 Bow Saw
20:14 Loom
23:17 Wheelbarrow
23:14 Gold Mining
25:33 Hand Cart
33:14 Imperial Age
35:05 Elite Elephant Archer
38:04 Onager
39:08 Fletching
39:18 Padded Archer Armor
40:22 Bodkin Arrow
44:07 Light Cavalry
44:58 Bloodlines
44:49 Husbandry
Bako
11:45 Feudal Age
13:06 Double-Bit Axe
17:12 Castle Age
16:30 Stone Mining
18:25 Horse Collar
20:18 Gold Mining
21:48 Bow Saw
25:05 Gold Shaft Mining
24:45 Fletching
26:39 Scale Mail Armor
27:02 Heavy Plow
28:42 Forging
28:48 Chain Mail Armor
31:48 Imperial Age
29:26 Squires
29:53 Bodkin Arrow
31:20 Ballistics
31:54 Iron Casting
31:25 Scale Barding Armor
31:21 Padded Archer Armor
32:54 Stone Shaft Mining
33:01 Conscription
36:50 Blast Furnace
36:23 Elite Fire Lancer
37:34 Plate Mail Armor
37:25 Chain Barding Armor
40:34 Bracer
40:50 Leather Archer Armor
41:58 Plate Barding Armor
43:54 Elite Chu Ko Nu
Big Olaf
10:35 Feudal Age
11:19 Horse Collar
11:26 Double-Bit Axe
17:58 Castle Age
16:07 Stone Mining
17:11 Gold Mining
24:06 Wheelbarrow
23:22 Loom
26:08 Heavy Plow
26:54 Bow Saw
32:19 Imperial Age
29:36 Town Watch
29:17 Man-at-Arms
30:33 Hand Cart
31:30 Forging
31:20 Scale Mail Armor
30:55 Long Swordsman
32:25 Gold Shaft Mining
33:10 Iron Casting
32:50 Chain Mail Armor
32:38 Two-Handed Swordsman
33:08 Capped Ram
34:38 Chain Mail Armor
33:46 Shield Wall
34:32 Siege Ram
35:31 Siege Engineers
35:21 Champion
36:51 Squires
36:36 Arson
36:37 Gambesons
37:26 Plate Mail Armor
42:46 Elite Hearth Troop
43:47 Conscription
45:36 Fletching
45:47 Padded Archer Armor
Icke
7:08 Loom
10:43 Feudal Age
14:58 Castle Age
13:21 Horse Collar
14:53 Wheelbarrow
15:51 Heavy Plow
24:47 Hand Cart
26:39 Gold Mining
26:40 Stone Mining
33:26 Imperial Age
30:47 Town Watch
31:13 Manipur Cavalry
32:48 Gold Shaft Mining
33:16 Padded Archer Armor
33:33 Elite Arambai
36:35 Chemistry
36:47 Guilds
38:57 Forging
38:52 Scale Barding Armor
39:42 Husbandry
40:21 Iron Casting
40:15 Bloodlines
39:29 Light Cavalry
41:00 Chain Barding Armor
42:51 Blast Furnace
42:47 Conscription
43:15 Plate Barding Armor
42:05 Hussar
Actiweed1
0:27 Loom
11:25 Feudal Age
12:45 Wheelbarrow
11:53 Horse Collar
12:08 Double-Bit Axe
21:14 Castle Age
19:44 Gold Mining
19:47 Stone Mining
20:14 Fletching
20:38 Padded Archer Armor
22:54 Bow Saw
22:49 Heavy Plow
23:10 Hand Cart
22:20 Crossbowman
25:01 Elite Skirmisher
28:10 Ballistics
27:47 Murder Holes
28:39 Thumb Ring
29:20 Bodkin Arrow
29:44 Leather Archer Armor
33:53 Imperial Age
34:21 Fortified Wall
34:21 Masonry
33:53 Treadmill Crane
34:03 Heated Shot
35:03 Stone Shaft Mining
34:30 Imperial Skirmisher
35:14 Bracer
35:44 Ring Archer Armor
35:03 Town Watch
35:59 Crop Rotation
37:09 Two-Man Saw
37:35 Chemistry
37:07 Arbalester
40:27 Siege Engineers
40:31 Elite Rattan Archer
42:17 Pikeman
42:58 Squires
42:43 Arson
45:35 Paper Money
WyZeR
0:37 Loom
13:13 Feudal Age
17:50 Castle Age
17:08 Stone Mining
17:01 Horse Collar
17:16 Double-Bit Axe
17:25 Gold Mining
18:17 Wheelbarrow
19:56 Bow Saw
19:48 Heavy Plow
21:06 Stone Shaft Mining
21:22 Gold Shaft Mining
25:00 Fletching
26:07 Bodkin Arrow
27:17 Padded Archer Armor
29:23 Town Watch
32:18 Imperial Age
32:47 Town Patrol
33:03 Hand Cart
34:04 Elite Ballista Elephant
34:48 Double Crossbow
Black Wolf
11:09 Feudal Age
14:46 Castle Age
13:26 Double-Bit Axe
16:48 Loom
17:27 Bow Saw
20:04 Horse Collar
21:29 Heavy Plow
23:03 Gold Mining
24:10 Crossbowman
24:55 Thumb Ring
24:58 Fletching
26:20 Thumb Ring
28:32 Gold Shaft Mining
27:50 Stone Mining
29:12 Wheelbarrow
28:42 Padded Archer Armor
28:53 Forging
28:43 Scale Mail Armor
30:37 Ballistics
30:28 Fortified Wall
31:39 Stone Shaft Mining
33:18 Hand Cart
34:23 Bodkin Arrow
35:41 Leather Archer Armor
36:01 Iron Casting
35:42 Chain Mail Armor
38:52 Imperial Age
36:24 Murder Holes
44:19 Conscription
wkl
0:46 Loom
12:45 Feudal Age
13:41 Double-Bit Axe
18:27 Castle Age
16:48 Stone Mining
17:21 Gold Mining
18:55 Wheelbarrow
18:06 Town Watch
19:38 Bow Saw
32:06 Imperial Age
30:55 Gold Shaft Mining
32:06 Fletching
32:16 Padded Archer Armor
32:27 Forging
32:18 Scale Mail Armor
32:24 Scale Barding Armor
33:12 Conscription
32:50 Elite Throwing Axeman
33:12 Light Cavalry
33:52 Husbandry
34:04 Cavalier
35:06 Cavalier
Connection lost

Rejoining the realm…

Still unreachable

The connection could not be restored.

Session expired

The server has moved on; the page needs a fresh start.